 Dungeon Crawl Stone Soup version 0.26-a0-597-gb535b0901c (webtiles) character file.

Game seed: 1264720954183771789

930 HoaS the Twirler (level 8, -1/58 HPs)
             Began as a Formicid Fighter on Aug 30, 2020.
             Was an Initiate of Makhleb.
             Slain by Prince Ribbit (12 damage)
             ... on level 6 of the Dungeon.
             The game lasted 00:11:40 (5224 turns).

HoaS the Twirler (Formicid Fighter)                 Turns: 5224, Time: 00:11:40

Health: -1/58      AC: 14    Str: 23    XL:     8   Next: 32%
Magic:  8/8        EV:  5    Int:  8    God:    Makhleb [......]
Gold:   403        SH: 11    Dex: 10    Spells: 7/7 levels left

rFire    . . .     SeeInvis +   a - +1 quarterstaff
rCold    . . .     Faith    .   c - +0 kite shield
rNeg     . . .     Spirit   .   i - +0 plate armour
rPois    .         Reflect  .   (helmet unavailable)
rElec    .         Harm     .   f - +0 cloak
rCorr    .                      (no gloves)
MR       .....                  e - +1 pair of boots
Stlth    ..........             (no amulet)
HPRegen  0.19/turn              (no ring)
MPRegen  0.11/turn              (no ring)

@: mighty
A: permanent stasis, dig shafts and tunnels, four strong arms, antennae 3
a: Dig, Shaft Self, Renounce Religion


You were on level 6 of the Dungeon.
You worshipped Makhleb.
Makhleb was noncommittal.
You visited 2 branches of the dungeon, and saw 8 of its levels.

You collected 403 gold pieces.

Inventory:

Hand Weapons
 a - a +1 quarterstaff (weapon)
Armour
 c - a +0 kite shield (worn)
 e - a +1 pair of boots (worn)
 f - a +0 cloak (worn)
 i - a +0 plate armour (worn)
 r - a scarf of resistance
Wands
 l - a wand of paralysis (20)
 p - a wand of iceblast (15)
 q - a wand of acid (22)
Scrolls
 k - 2 scrolls of remove curse
 o - a scroll of identify
Potions
 b - a potion of curing
 d - a potion of might
 g - a potion of lignification
 h - 2 potions of heal wounds
 j - a potion of haste {unknown}
 n - a potion of stabbing {unknown}


   Skills:
 - Level 3.2 Fighting
 * Level 7.6 Staves
 - Level 3.2 Armour
 + Level 7.1 Shields


You had 7 spell levels left.
You didn't know any spells.
Your spell library was empty.

Dungeon Overview and Level Annotations

Branches:
Dungeon (7/15)             Temple (1/1) D:6

Altars:
Ashenzari
Dithmenos
Elyvilon
Fedhas
Hepliaklqana
Makhleb
Nemelex Xobeh
Qazlal
Ru
Sif Muna
Trog
Vehumet
Wu Jian
Xom
Yredelemnul
Zin
The Shining One

Annotations:
D:6 Prince Ribbit


Innate Abilities, Weirdness & Mutations

You cannot be hasted, slowed, berserked, paralysed or teleported.
You can dig through walls and to a lower floor.
Your four strong arms can wield two-handed weapons with a shield.
You have a pair of large antennae on your head. (SInv)


Message History

You closely miss Prince Ribbit.
Prince Ribbit hits you but does no damage.
You closely miss Prince Ribbit. Prince Ribbit hits you!
You sock Prince Ribbit!
Prince Ribbit is moderately wounded.
You block Prince Ribbit's attack. x2
You closely miss Prince Ribbit.
Prince Ribbit is moderately wounded.
Prince Ribbit hits you!
* * * LOW HITPOINT WARNING * * *
You closely miss Prince Ribbit.
Prince Ribbit is moderately wounded.
Prince Ribbit hits you but does no damage.
You sock Prince Ribbit!
Prince Ribbit is heavily wounded.
You block Prince Ribbit's attack.
Your plate armour prevents you from hitting Prince Ribbit.
Prince Ribbit is heavily wounded.
Prince Ribbit closely misses you. Prince Ribbit hits you!
You die...

#####....#.........##.#....#...#
...................##.#....#...##
.....).............##......#.....
...........###########.....#.....
.......(...# #.....#.....
...........###### #...........
......).........# #...........
............###.######...........
##.....#....# #.@F...#........#..
###........# #..###.#........+..
#.......## #....#.#........##'
#.......# ##.#...#........##.
#.......# ###.#.###........##.
#.......# #...#.# #........###
##......# #.##### #...........
#......# #.# #....F...###
#....### #.# #####'####


You could see Prince Ribbit.

Vanquished Creatures
  Purgy (D:3)
  2 ogres
  A jelly (D:6)
  A howler monkey (D:6)
  A hound (D:4)
  A bullfrog zombie (D:5)
  A gnoll shaman (D:3)
  2 orc wizards
  Natasha (thrice) (D:3)
  2 worker ants
  A hound skeleton (D:5)
  11 gnolls
  5 adders
  2 white imps
  3 oozes
  An adder zombie (D:5)
  A worm (D:2)
  2 dart slugs (D:1)
  4 leopard geckos
  17 orcs
  3 ball pythons
  7 giant cockroaches
  9 goblins
  6 hobgoblins
  2 jackals (D:1)
  13 kobolds
  A bat (D:1)
  8 rats
111 creatures vanquished.

Vanquished Creatures (others)
  An orc wizard (D:3)
  A kobold (D:1)
2 creatures vanquished.

Grand Total: 113 creatures vanquished

Notes
Turn   | Place    | Note
-------+----------+-------------------------------------------
     0 | D:1      | HoaS the Formicid Fighter began the quest for the Orb.
     0 | D:1      | Reached XP level 1. HP: 18/18 MP: 1/1
    60 | D:1      | Reached XP level 2. HP: 22/24 MP: 2/2
   202 | D:1      | Reached XP level 3. HP: 26/29 MP: 3/3
   221 | D:1      | You fall into a shaft and drop 1 floor!
   305 | D:2      | HP: 1/29 [poisoned by an adder]
   840 | D:1      | Reached XP level 4. HP: 35/35 MP: 4/4
  1409 | D:2      | Found a sacrificial altar of Ru.
  1607 | D:3      | Reached XP level 5. HP: 38/41 MP: 5/5
  1666 | D:3      | Noticed Natasha
  1685 | D:3      | Killed Natasha
  1808 | D:3      | Noticed Natasha
  1815 | D:3      | Killed Natasha
  1815 | D:3      | Reached skill level 5 in Shields
  1841 | D:3      | Reached XP level 6. HP: 26/47 MP: 6/6
  1998 | D:3      | Noticed Natasha
  2007 | D:3      | Killed Natasha
  2007 | D:3      | Reached skill level 5 in Staves
  2021 | D:3      | Found a shimmering blue altar of Sif Muna.
  2573 | D:3      | Found a stormy altar of Qazlal.
  2642 | D:4      | Found a glowing golden altar of the Shining One.
  2757 | D:3      | Reached XP level 7. HP: 45/52 MP: 7/7
  2819 | D:4      | Noticed Purgy
  2837 | D:3      | Killed Purgy
  3566 | D:4      | Found a sparkling altar of Nemelex Xobeh.
  3586 | D:5      | Entered Level 5 of the Dungeon
  3904 | D:5      | Found a hazy altar of Hepliaklqana.
  4145 | D:6      | Reached XP level 8. HP: 50/58 MP: 8/8
  4221 | D:6      | Found a staircase to the Ecumenical Temple.
  4232 | Temple   | Entered the Ecumenical Temple
  4457 | Temple   | Became a worshipper of Makhleb the Destroyer
  4553 | D:6      | Found an ornate altar of the Wu Jian Council.
  5153 | D:7      | Noticed Prince Ribbit
  5224 | D:6      | Slain by Prince Ribbit

Illustrated notes

Levels and vault maps discovered:
D:1:      shiori_arrival_oz, layout_rooms, chequers_serial_rivers_micro_b
D:2:      layout_basic, nicolae_ru_the_path_less_chosen
D:3:      layout_rooms, lemuel_coloured_pillars_altar, led_sif_book,
          dk_noncrumbling_3, uniq_natasha
D:4:      layout_cave_pools, lemuel_round_altar, kennysheep_mini_moat,
          serial_park_tiny_1, uniq_purgy
D:5:      layout_loops_cross, kennysheep_little_box, kennysheep_generic_room_4
D:6:      layout_basic, lemuel_crystal_altar, temple_hall
D:7:      layout_gridville, lemuel_mausoleum_altar_kikubaaqudgha,
          eat_drink_and_be_merry_uskayaw, lemuel_crystal_altar, serial_shops,
          kennysheep_mini, minmay_misc_feat_nine_boxes, minmay_misc_feat_tiny,
          makhleb_heckhound_becter, uniq_prince_ribbit1, uniq_joseph
Temple:   minmay_temple_curvy_loop

Skill      XL: |  1  2  3  4  5  6  7  8 |
---------------+-------------------------+-----
Shields        | 4 5 6 7 |  7.1
Staves         | 3 4 5 7 |  7.6
Fighting       | |  3.2
Armour         | |  3.2

Action                   |  1- 3 |  4- 6 |  7- 9 || total
-------------------------+-------+-------+-------++-------
Melee: Quarterstaff      |    93 |   193 |   160 ||   446
       Spear             |       |     1 |       ||     1
 Abil: Dig               |       |     2 |       ||     2
  Use: Scroll            |     2 |     4 |     5 ||    11
       Potion            |       |       |     1 ||     1
Armor: Scale mail        |    16 |       |       ||    16
       Plate armour      |    26 |   101 |    64 ||   191
Dodge: Dodged            |    20 |    30 |    21 ||    71
Block: Kite shield       |    41 |    84 |   114 ||   239

Table legend: (Time is in decaauts)
 A = Elapsed time spent in this place.
 B = Non-inter-level travel time spent in this place.
 C = Inter-level travel time spent in this place.
 D = Time resting spent in this place.
 E = Time spent auto-exploring this place.
 F = Levels seen in this place.
 G = Mean time per level.
                   A        B        C        D        E       F      G
               +--------+--------+--------+--------+--------+-----+--------+
         Total |   5275 |   4990 |    285 |   1260 |   2469 |   8 |  659.4 |
       Dungeon |   5020 |   4774 |    246 |   1260 |   2284 |   7 |  717.1 |
        Temple |    255 |    216 |     39 |      0 |    185 |   1 |  255.0 |
               +--------+--------+--------+--------+--------+-----+--------+

Top non-repeatable levels by time:
     D:3: 1513 daAuts
     D:2: 1022 daAuts
     D:6: 796 daAuts
     D:4: 609 daAuts
     D:5: 554 daAuts
     D:1: 495 daAuts
  Temple: 255 daAuts
     D:7: 28 daAuts
